 Dungeon Crawl Stone Soup version 0.21-a0-538-gd16b88a (webtiles) character file.

112 rabbitfr the Sneak (level 4, -2/21 HPs)
             Began as a Spriggan Enchanter on Dec 15, 2017.
             Slain by a gnoll
             ... wielding a +0 spear
              (4 damage)
             ... on level 2 of the Dungeon.
             The game lasted 00:13:56 (3063 turns).

rabbitfr the Sneak (Spriggan Enchanter)             Turns: 3063, Time: 00:13:57

Health: -2/21      AC:  2    Str:  4    XL:     4   Next: 64%
Magic:  8/12       EV: 18    Int: 17    God:
Gold:   58         SH:  0    Dex: 16    Spells: 10/13 levels left

rFire    . . .     SeeInvis +   g - +0 dagger (drain)
rCold    . . .     Gourm    .   (shield restricted)
rNeg     . . .     Faith    .   b - +0 robe
rPois    .         Spirit   .   (helmet restricted)
rElec    .         Reflect  .   e - scarf {cloud immunity}
rCorr    .         Harm     .   (gloves unavailable)
MR       .....                  (boots unavailable)
Stlth    +++.......             (no amulet)
HPRegen  0.07/turn              (no ring)
MPRegen  0.13/turn              (no ring)

@: very quick
A: very small, unfitting armour, see invisible, herbivore 3, speed 3, slow
metabolism 2
a: no special abilities


You were on level 2 of the Dungeon.
You were not hungry.

You visited 1 branch of the dungeon, and saw 2 of its levels.

You collected 58 gold pieces.

Inventory:

Hand Weapons
 a - a +1 dagger
 g - a +0 dagger of draining (weapon)
 q - a +2 dagger of speed
Missiles
 l - a throwing net (quivered)
Armour
 b - a +0 robe (worn)
 e - a scarf of cloud immunity (worn)
Jewellery
 i - an uncursed ring of positive energy {unknown}
Scrolls
 h - 3 scrolls of amnesia {unknown}
 m - a scroll of teleportation {unknown}
 n - 2 scrolls of magic mapping {unknown}
Potions
 f - a potion of curing
 o - 2 potions of flight {unknown}
 p - a potion of haste {unknown}
Books
 c - a book of Maledictions

   Spells                             Type                      Level
   a - Corona                         Hexes                        1
   b - Ensorcelled Hibernation        Hexes/Ice                    2
   c - Confuse                        Hexes                        3
   d - Tukima's Dance                 Hexes                        3
   e - Dazzling Spray                 Conjuration/Hexes            3
Comestibles
 d - 2 bread rations
 j - 2 fruits
 k - a royal jelly


   Skills:
 - Level 1.1 Short Blades
 - Level 3.0 Dodging
 + Level 6.0 Stealth
 + Level 5.2 Spellcasting
 - Level 3.6 Hexes


You had 10 spell levels left.
You knew the following spells:

 Your Spells              Type           Power        Failure   Level  Hunger
a - Corona                Hex            ###....      3%          1    None
b - Ensorcelled Hibernat  Hex/Ice        ##....       10%         2    #......


Dungeon Overview and Level Annotations

Branches:
Dungeon (2/15)

Altars:


Innate Abilities, Weirdness & Mutations

You are very small and have problems with some larger weapons.
You are too small for most types of armour.
You have supernaturally acute eyesight. (SInv)
You are a herbivore.
You cover ground extremely quickly.
You need consume almost no food.


Message History

Aiming: Ensorcelled Hibernation
Press: ? - help, Shift-Dir - straight line, f - gnoll
Aim: a gnoll, wielding a spear (chance to defeat MR: 50%)
The gnoll resists with some effort.
The gnoll hits you from afar with a spear!
The gnoll hits you with a spear.
Casting: Ensorcelled Hibernation
Confirm with . or Enter, or press ? or * to list all spells.
Aiming: Ensorcelled Hibernation
Press: ? - help, Shift-Dir - straight line, f/p - gnoll
Aim: a gnoll, wielding a spear (chance to defeat MR: 50%)
The gnoll looks drowsy...
The gnoll hits you from afar with a spear!
* * * LOW HITPOINT WARNING * * *
The helpless gnoll fails to defend itself.
You impale the gnoll!!
You kill the gnoll!
Your Stealth skill increases to level 6!
The gnoll hits you from afar with a spear.
You die...

#############
#.(..@)g.....
########>...........
#........#############
#........# #....#
#.......#########.##.#
######.........##.##.#
#########.##.##.####
#.##.##....#
#...)......#


You could see a gnoll.

Vanquished Creatures
  6 gnolls (D:2)
  An adder (D:2)
  2 dart slugs (D:1)
  A leopard gecko (D:1)
  3 giant cockroaches
  3 goblins
  6 hobgoblins
  3 jackals (D:1)
  4 kobolds
  A quokka (D:2)
  2 ball pythons
  4 bats (D:2)
  3 frilled lizards
  5 rats
44 creatures vanquished.

Notes
Turn   | Place    | Note
-------+----------+-------------------------------------------
     0 | D:1      | rabbitfr the Spriggan Enchanter began the quest for the Orb.
     0 | D:1      | Reached XP level 1. HP: 9/9 MP: 5/5
   283 | D:1      | Reached XP level 2. HP: 6/13 MP: 7/7
   345 | D:1      | Learned a level 2 spell: Ensorcelled Hibernation
   917 | D:1      | Reached skill level 5 in Stealth
  1320 | D:2      | Reached XP level 3. HP: 16/16 MP: 7/9
  1762 | D:2      | Reached XP level 4. HP: 13/21 MP: 4/11
  2560 | D:2      | Reached skill level 5 in Spellcasting
  2560 | D:2      | HP: 1/21 [gnoll/spear (8)]
  3063 | D:2      | Reached skill level 6 in Stealth
  3063 | D:2      | Slain by a gnoll

Vault maps used:
D:1:      evilmike_arrival_crescent
D:2:      first_bread, minmay_fountain_box

Skill      XL: |  1  2  3  4 |
---------------+-------------+-----
Spellcasting   | 3 4 5 |  5.2
Stealth        | 5 6 |  6.0
Short Blades   | |  1.1
Dodging        | |  3.0
Hexes          | |  3.6

Action                   |  1- 3 |  4- 6 || total
-------------------------+-------+-------++-------
Melee: Dagger            |   129 |    34 ||   163
 Cast: Ensorcelled Hiber |     4 |     8 ||    12
  Use: Potion            |     1 |       ||     1
 Stab: Sleeping          |    11 |     5 ||    16
Armor: Robe              |     6 |     1 ||     7
Dodge: Dodged            |    98 |    28 ||   126

Table legend:
 A = Spawn XP
 B = Non-spawn XP
 C = Spawn XP percentage of total XP
 D = Spawn monster count
 E = Non-spawn monster count
 F = Spawn count percentage of total count
 G = Total turns spent on level
                    A         B        C        D         E        F      G
               +---------+---------+-------+---------+---------+-------+---------
         Total |       0 |     161 |   0.0 |       0 |      44 |   0.0 |  3063
               +---------+---------+-------+---------+---------+-------+---------
           D:1 |       0 |      39 |   0.0 |       0 |      20 |   0.0 |  1307
           D:2 |       0 |     122 |   0.0 |       0 |      24 |   0.0 |  1756
               +---------+---------+-------+---------+---------+-------+---------
